 Dungeon Crawl Stone Soup version 0.28.0-53-g5a82cb258f (webtiles) character file.

Game seed: 9132400506411336414

25 issech the Skirmisher (level 2, -1/27 HPs)
             Began as a Minotaur Monk on May 26, 2022.
             Slain by Terence
             ... wielding a +0 hand axe
              (7 damage)
             ... on level 2 of the Dungeon.
             The game lasted 00:01:56 (1287 turns).

issech the Skirmisher (Minotaur Monk)               Turns: 1287, Time: 00:01:57

Health: -1/27      AC:  2    Str: 15    XL:     2   Next: 86%
Magic:  1/1        EV: 12    Int:  7    God:
Gold:   28         SH:  3    Dex: 12    Spells: 1/1 levels left

rFire   . . .      SeeInvis .   a - +0 hand axe
rCold   . . .      Faith    .   l - +0 buckler
rNeg    . . .      Spirit   .   b - +0 robe
rPois   .          Reflect  .   (helmet restricted)
rElec   .          Harm     .   (no cloak)
rCorr   .          Rampage  .   (no gloves)
Will    .....                   (no boots)
Stlth   ++........              (no amulet)
HPRegen 0.09/turn               (no ring)
MPRegen 0.07/turn               (no ring)

@: no status effects
A: horns 2, retaliatory headbutt
a: no special abilities


You were on level 2 of the Dungeon.
You visited 1 branch of the dungeon, and saw 2 of its levels.

You collected 28 gold pieces.

Inventory:

Hand Weapons
 a - a +0 hand axe (weapon)
 g - a +0 hunting sling
Missiles
 c - 65 stones (quivered)
 d - 23 bolts
 i - 25 sling bullets
 m - 5 poisoned darts
Armour
 b - a +0 robe (worn)
 l - a +0 buckler (worn)
Scrolls
 e - a scroll of blinking {unknown}
 h - a scroll of teleportation {unknown}
 j - a scroll of identify {unknown}
 k - a scroll of fear {unknown}
Potions
 f - 2 potions of degeneration {unknown}


   Skills:
 + Level 4.2 Fighting
 + Level 4.1 Axes
 + Level 3.6 Dodging
 + Level 1.6 Stealth


You had one spell level left.
You didn't know any spells.
Your spell library contained the following spells:

 Spells                   Type           Power      Damage    Failure   Level
 Ensorcelled Hibernation  Hex/Ice        0%         N/A       67%         2
 Passwall                 Tmut/Erth      0%         N/A       67%         2
 Swiftness                Air            0%         N/A       88%         3


Dungeon Overview and Level Annotations

Branches:
Dungeon (2/15)

Altars:

Annotations:
D:2 Terence


Innate Abilities, Weirdness & Mutations

You have a pair of horns on your head.
You reflexively headbutt those who attack you in melee.


Message History

The giant cockroach is almost dead.
The giant cockroach closely misses you.
You hit the giant cockroach but do no damage.
The giant cockroach is almost dead.
The giant cockroach bites you but does no damage.
The giant cockroach waves its antennae.
The giant cockroach closely misses you.
You hit the giant cockroach but do no damage.
The giant cockroach is almost dead.
The giant cockroach bites you.
You hit the giant cockroach.
You kill the giant cockroach!
You pick up a book of Burglary and begin reading...
You add the spells Passwall, Ensorcelled Hibernation and Swiftness to your library.
Terence the Incautious comes into view.
He is wielding a +0 hand axe.
Terence drinks a potion.
Terence suddenly seems more resistant.
You see here 10 gold pieces.
You hit Terence.
Terence is lightly wounded.
Terence hits you with a +0 hand axe!
You hit Terence but do no damage. You headbutt Terence, but do no damage.
Terence is lightly wounded.
You block Terence's attack.
You barely miss Terence.
Terence is lightly wounded.
Terence hits you with a +0 hand axe.
You closely miss Terence.
Terence is lightly wounded.
Terence hits you with a +0 hand axe.
You closely miss Terence. Your headbutt misses Terence.
Terence is lightly wounded.
Terence barely misses you.
You hit Terence. You headbutt Terence!
Terence is heavily wounded.
Terence hits you with a +0 hand axe. x2
* * * LOW HITPOINT WARNING * * *
You hit Terence but do no damage. You headbutt Terence.
Terence is severely wounded.
Terence hits you with a +0 hand axe!
You die...

#. ###. .######...
......... .........
........# .......@#
.......@# .......$#
#.# ...####.# #.#
...####.# #.#
........# #.#
........# #.#
........######.#
...............######
....................#


You could see Terence (resistant).

Vanquished Creatures
  A dart slug (D:2)
  4 endoplasms (D:1)
  2 giant cockroaches
  3 goblins (D:1)
  3 hobgoblins (D:1)
  A quokka (D:1)
  A ball python (D:1)
  3 bats (D:1)
  A kobold (D:1)
  A rat (D:1)
20 creatures vanquished.

Vanquished Creatures (others)
  6 plants (D:1)
  11 withered plants (D:1)
17 creatures vanquished.

Grand Total: 37 creatures vanquished

Notes
Turn   | Place    | Note
-------+----------+-------------------------------------------
     0 | D:1      | issech the Minotaur Monk began the quest for the Orb.
     0 | D:1      | Reached XP level 1. HP: 19/19 MP: 0/0
   413 | D:1      | Reached XP level 2. HP: 27/27 MP: 1/1
   564 | D:1      | Found a faded altar of an unknown god.
  1277 | D:2      | Noticed Terence
  1287 | D:2      | Slain by Terence

Illustrated notes

Levels and vault maps discovered:
D:1:      minmay_arrival_shattered_statue, layout_basic,
          shapermc_ecumenical_altar_flowoftime, minmay_misc_feat_four_crosses,
          st_stairs_14, minmay_misc_feat_nine_boxes, serial_bayou_lagoon_b
D:2:      layout_basic, serial_glass, glass_columns_a, glass_columns_b,
          minmay_strange_pillars, grunt_decor_one_mirror, uniq_terence

Skill      XL: |  1  2 |
---------------+-------+-----
Fighting       | 4 |  4.2
Axes           | 4 |  4.1
Dodging        | |  3.6
Stealth        | |  1.6

Action                   || total
-------------------------++-------
Melee: Hand axe          ||    89
       Headbutt          ||    20
Armor: Robe              ||     9
Dodge: Dodged            ||    25
Block: Buckler           ||     1
